 Dungeon Crawl Stone Soup version 0.30.0-17-ge0270778cf (webtiles) character file.

Game seed: 9204209910418573668

8596 gelatine the Skirmisher (level 11, -4/120 HPs)
             Began as a Demonspawn Hunter on May 21, 2023.
             Was an Elder of Fedhas.
             Slain by a red ugly thing (17 damage)
             ... on level 1 of the Lair of Beasts.
             The game lasted 00:24:19 (8126 turns).

gelatine the Skirmisher (Demonspawn Hunter)         Turns: 8126, Time: 00:24:21

Health: -4/120     AC: 29    Str:  9 (12) XL:     11   Next: 12%
Magic:  0/16       EV:  2    Int:  7 (10) God:    Fedhas [****..]
Gold:   646        SH:  6    Dex: 20 (21) Spells: 14/17 levels left

rFire   . . .        v - +0 sling (freeze)
rCold   . . .        d - +0 buckler
rNeg    . . .        M - melded +2 robe {Will+}
rPois   +            (helmet currently unavailable)
rElec   .            i - melded +0 cloak
rCorr   .            H - melded +1 pair of gloves {hurl}
SInv    .            (boots currently unavailable)
Will    +....        E - amulet of the acrobat
Stlth   +++          w - +4 ring of slaying
HPRegen 0.40/turn    F - +4 ring of protection
MPRegen 0.30/turn

%: acrobat, guardian spirit
@: tree-form
A: stationary, stasis, torment immunity, boosted hp, (horns 1), (icy blue scales
3), ignite blood 1, magic shield, magic regeneration, corrupting presence 1,
strong-willed 1, MP-powered wands
a: Renounce Religion, Wall of Briars, Grow Ballistomycete, Overgrow


You were on level 1 of the Lair of Beasts.
You worshipped Fedhas.
Fedhas was greatly pleased with you.
You were a tree.
You visited 3 branches of the dungeon, and saw 10 of its levels.
You also visited: Bailey.

You collected 646 gold pieces.

Inventory:

Hand Weapons
 a - a +0 shortbow
 v - a +0 sling of freezing (weapon)
Missiles
 K - 4 throwing nets
Armour
 c - a +0 robe of cold resistance
 d - a +0 buckler (worn)
 i - a +0 cloak (melded)
 z - a +0 robe of the Archmagi
 H - a +1 pair of gloves of hurling (melded)
 M - a +2 robe of willpower (melded)
Jewellery
 w - a +4 ring of slaying (left branch)
 D - a ring of protection from fire
 E - an amulet of the acrobat (around neck)
 F - a +4 ring of protection (right branch)
Wands
 p - a wand of roots (22)
 t - a wand of paralysis (15)
 x - a wand of polymorph (5)
 N - a wand of flame (16)
Scrolls
 b - 4 scrolls of immolation
 e - 2 scrolls of torment {unknown}
 f - 3 scrolls of magic mapping
 j - 4 scrolls of noise {unknown}
 k - 4 scrolls of enchant weapon {unknown}
 l - a scroll of poison {unknown}
 m - 2 scrolls of vulnerability {unknown}
 n - 2 scrolls of fear {unknown}
 q - 2 scrolls of blinking {unknown}
 s - a scroll of teleportation {unknown}
 u - a scroll of silence {unknown}
 y - 4 scrolls of acquirement {unknown}
 A - a scroll of amnesia {unknown}
 C - 3 scrolls of fog {unknown}
 J - 3 scrolls of identify
Potions
 h - a potion of haste
 o - 3 potions of attraction
 r - a potion of curing
 G - a potion of brilliance
 I - a potion of flight
 L - a potion of resistance
Miscellaneous
 g - a box of beasts (inert)


   Skills:
 * Level 5.5 Fighting
 * Level 10.2 Ranged Weapons
 * Level 4.0 Armour
 * Level 4.3 Dodging
 * Level 4.5 Stealth
 * Level 3.5 Shields
 * Level 3.5 Spellcasting
 * Level 4.0 Hexes
 * Level 3.5 Translocations
 * Level 5.3 Invocations
 * Level 3.9 Evocations


You had 14 spell levels left.
You knew the following spells:

 Your Spells              Type           Power      Damage    Failure   Level
a - Portal Projectile     Hex/Tloc       12%        N/A       30%         3

Your spell library contained the following spells:

 Spells                   Type           Power      Damage    Failure   Level
 Foxfire                  Conj/Fire      4%         2x1d4     43%         1
 Call Canine Familiar     Summ           1%         N/A       82%         3
 Anguish                  Hex/Necr       2%         N/A       91%         4
 Leda's Liquefaction      Hex/Erth       2%         N/A       91%         4
 Summon Lightning Spire   Summ/Air       1%         N/A       99%         4
 Summon Mana Viper        Hex/Summ       4%         N/A       99%         5
 Fireball                 Conj/Fire      0%         3d3       100%        5
 Summon Forest            Summ/Tloc      1%         N/A       100%        5
 Plasma Beam              Fire/Air       0%         2x1d11    100%        6
 Starburst                Conj/Fire      0%         6d3       100%        6
 Chain Lightning          Conj/Air       0%         2d1       100%        9
 Fire Storm               Conj/Fire      0%         6d1       100%        9
 Shatter                  Erth           0%         3d5*      100%        9


Dungeon Overview and Level Annotations

Branches:
Dungeon (8/15)             Temple (1/1) D:6            Lair (1/5) D:8
 Bailey (visited)

Altars:
Ashenzari
Cheibriados
Dithmenos
Fedhas
Gozag
Hepliaklqana
Kikubaaqudgha
Makhleb
Nemelex Xobeh
Okawaru
Qazlal
Ru
Sif Muna
Trog
Vehumet
Xom
Yredelemnul

Shops:
D:4 *   D:7 (


Innate Abilities, Weirdness & Mutations

You are a tree.
Your roots penetrate the ground, keeping you stationary.
You cannot be teleported.
You are immune to unholy pain and torment.
Your maximum health is greatly increased.
Your equipment is partially melded.
((You have a pair of small horns on your head.))
((You are completely covered in icy blue scales. (AC +4, rC+)))
Your demonic aura sometimes causes spilled blood to erupt in flames.
When hurt, damage is shared between your health and your magic reserves.
You regenerate magic rapidly.
Your presence sometimes corrodes those you injure.
You are strong-willed. (Will+)
You expend magic power (3 MP) to strengthen your wands.


Message History

The bullfrog gives a loud, deep croak!
The bullfrog is lightly wounded.
You shoot a sling bullet.
The sling bullet closely misses the bullfrog.
You shoot a sling bullet. The sling bullet hits the bullfrog.
The bullfrog seems to slow down.
The sling bullet freezes the bullfrog.
The bullfrog is heavily wounded.
You shoot a sling bullet. The sling bullet hits the bullfrog!
The bullfrog seems to slow down.
The sling bullet freezes the bullfrog.
The bullfrog is almost dead.
You shoot a sling bullet. The sling bullet misses the bullfrog.
You shoot a sling bullet.
The sling bullet closely misses the bullfrog.
You shoot a sling bullet. The sling bullet hits the bullfrog.
The sling bullet freezes the bullfrog.
You kill the bullfrog!
Fedhas appreciates your contribution to the ecosystem.
No target in view!
You walk carefully through the fungus.
Found 6 stones.
There is a staircase back to the Dungeon here.
You climb upwards.
Welcome back to the Dungeon!
The red ugly thing tentacle-slaps you!
You are engulfed in flames!!
The red ugly thing punches you.
You are engulfed in flames!!
There is a staircase to the Lair, spattered with blood here.
The red ugly thing tentacle-slaps you.
You are engulfed in flames!!
* * * LOW HITPOINT WARNING * * *
The red ugly thing misses you.
You climb downwards.
Welcome back to the Lair of Beasts!
There is a staircase back to the Dungeon here.
Really quaff the potion of lignification?
You turn into a tree.
Your +0 cloak melds into your body.
Your +1 pair of gloves of hurling melds into your body.
Your +2 robe of willpower melds into your body.
Your aim is not that steady anymore.
You feel less strong-willed.
Your roots penetrate the ground.
The red ugly thing tentacle-slaps you.
* * * LOW HITPOINT WARNING * * *
You are engulfed in flames!!
You die...
Fedhas appreciates your contribution to the ecosystem.

### #.########
##[....#.# ########
##.......## #P......
##.........## ##.###..
#...........## #.###..
##.....♣......####..##..
#......uu...............
##.....^...............#
##....................#
##............##.P####
#...###########.## #..##
#..# ##..# ##.# #...##
########.#


You could see 2 ugly things.

Vanquished Creatures
  Harold (Lair:1)
  A boulder beetle (D:8)
  Pikel (D:8)
  An ugly thing (Lair:1)
  A faun (shapeshifter) (D:8)
  A rime drake (D:8)
  Psyche (D:8)
  A polar bear (D:8)
  5 yaks (Lair:1)
  Eustachio (D:5)
  Menkaure (D:7)
  3 black bears
  7 orc warriors
  A sky beast (D:7)
  8 ice beasts
  2 ogres
  3 centaurs
  2 wolves (D:8)
  2 phantoms
  8 kobold brigands
  4 bullfrogs
  2 scorpions (D:5)
  3 wights (D:8)
  A killer bee (D:8)
  4 howler monkeys
  3 hounds (D:5)
  3 gnoll boudas
  3 orc priests
  2 jellies (D:7)
  An iguana (D:5)
  3 orc wizards
  10 adders
  13 gnolls
  An ufetubus (D:4)
  A worm (D:2)
  2 dart slugs
  25 orcs
  11 endoplasms
  2 giant cockroaches
  5 goblins
  5 hobgoblins
  2 jackals (D:4)
  14 kobolds
  A quokka (D:3)
  2 ball pythons
  2 bats
  A frilled lizard (D:1)
  2 rats (D:3)
179 creatures vanquished.

Notes
Turn   | Place    | Note
-------+----------+-------------------------------------------
     0 | D:1      | gelatine the Demonspawn Hunter began the quest for the Orb.
     0 | D:1      | Reached XP level 1. HP: 16/16 MP: 1/1
   356 | D:1      | Reached skill level 1 in Stealth
   642 | D:1      | Gained mutation: Your demonic aura sometimes causes spilled
                  | blood to erupt in flames. [demonic ancestry]
   642 | D:1      | Reached XP level 2. HP: 21/22 MP: 2/2
   841 | D:2      | Reached skill level 4 in Ranged Weapons
   923 | D:2      | Gained mutation: You are strong-willed. (Will+) [potion of
                  | mutation]
   923 | D:2      | Gained mutation: You expend magic power (3 MP) to
                  | strengthen your wands. [potion of mutation]
  1020 | D:2      | Gained mutation: You have a pair of small horns on your
                  | head. [demonic ancestry]
  1020 | D:2      | Reached XP level 3. HP: 27/27 MP: 3/3
  1715 | D:3      | Reached skill level 1 in Armour
  1715 | D:3      | Gained mutation: You are partially covered in icy blue
                  | scales. (AC +2) [demonic ancestry]
  1715 | D:3      | Reached XP level 4. HP: 33/33 MP: 4/4
  2622 | D:4      | Noticed a phantom
  2625 | D:4      | Reached skill level 5 in Ranged Weapons
  2636 | D:4      | Killed a phantom
  2637 | D:4      | Gained mutation: You are mostly covered in icy blue scales.
                  | (AC +3) [demonic ancestry]
  2637 | D:4      | Reached XP level 5. HP: 16/39 MP: 5/5
  2865 | D:4      | Learned a level 3 spell: Portal Projectile
  2920 | D:4      | Found an opulent altar of Gozag.
  2933 | D:4      | Found Ygguimarea's Lightly-Used Armoury.
  3257 | D:4      | Found a shimmering altar of Xom.
  3388 | D:5      | Entered Level 5 of the Dungeon
  3489 | D:5      | Reached XP level 6. HP: 46/46 MP: 6/6
  3501 | D:5      | Found a shadowy altar of Dithmenos.
  3678 | D:5      | Found a blossoming altar of Fedhas.
  3681 | D:5      | Found an ancient bone altar of Kikubaaqudgha.
  3686 | D:5      | Became a worshipper of Fedhas Madash
  3867 | D:5      | Noticed an ice beast
  3875 | D:5      | Killed an ice beast
  3876 | D:5      | Reached skill level 1 in Invocations
  3876 | D:5      | Gained mutation: You regenerate magic rapidly. [demonic
                  | ancestry]
  3876 | D:5      | Reached XP level 7. HP: 37/51 MP: 6/8
  3946 | D:5      | Reached skill level 1 in Hexes
  4107 | D:5      | Noticed Eustachio
  4114 | D:5      | Killed Eustachio
  4115 | D:5      | Reached skill level 6 in Ranged Weapons
  4115 | D:5      | Reached skill level 1 in Shields
  4115 | D:5      | Reached skill level 1 in Spellcasting
  4115 | D:5      | Reached skill level 1 in Translocations
  4115 | D:5      | Reached skill level 1 in Evocations
  4518 | D:5      | Reached * piety under Fedhas
  4802 | D:6      | Reached XP level 8. HP: 58/58 MP: 9/9
  5214 | D:6      | Found a staircase to the Ecumenical Temple.
  5222 | Temple   | Entered the Ecumenical Temple
  5710 | D:6      | Reached ** piety under Fedhas
  5740 | D:6      | Reached skill level 7 in Ranged Weapons
  5917 | D:7      | Noticed Menkaure
  5920 | D:7      | Killed Menkaure
  6225 | D:7      | Found a sparkling altar of Nemelex Xobeh.
  6261 | D:7      | Gained mutation: You are completely covered in icy blue
                  | scales. (AC +4, rC+) [demonic ancestry]
  6261 | D:7      | Reached XP level 9. HP: 65/65 MP: 12/12
  6382 | D:7      | Found a shimmering blue altar of Sif Muna.
  6390 | D:7      | Found Ykutwob's Antique Weapon Emporium.
  6594 | D:8      | Noticed Psyche
  6600 | D:8      | Killed Psyche
  6601 | D:8      | Reached skill level 8 in Ranged Weapons
  6675 | D:8      | Noticed a manticore
  6744 | D:8      | Noticed an elephant
  6759 | D:8      | an elephant changed into a faun
  6759 | D:8      | Noticed a faun (shapeshifter)
  6762 | D:8      | Killed a faun
  6772 | D:8      | Noticed a boulder beetle
  6841 | D:8      | Killed a boulder beetle
  6959 | D:8      | Noticed a rime drake
  6964 | D:8      | a rime drake changed into a harpy
  6964 | D:8      | Noticed a harpy (shapeshifter)
  7023 | D:8      | Found a basalt altar of Yredelemnul.
  7044 | D:8      | Gained mutation: Your presence sometimes corrodes those you
                  | injure. [demonic ancestry]
  7044 | D:8      | Reached XP level 10. HP: 73/73 MP: 14/14
  7101 | D:8      | Found a flagged portal.
  7116 | D:8      | Reached *** piety under Fedhas
  7122 | D:8      | Noticed Pikel
  7131 | D:8      | Killed Pikel
  7132 | D:8      | Reached skill level 9 in Ranged Weapons
  7155 | Bailey   | Entered a bailey
  7322 | Bailey   | Reached skill level 5 in Fighting
  7452 | Bailey   | Found a bloodstained altar of Trog.
  7524 | D:8      | Found a staircase to the Lair.
  7766 | D:8      | Noticed a brown ugly thing
  7767 | D:8      | Noticed a green ugly thing
  7774 | D:8      | Noticed a purple ugly thing
  7786 | Lair:1   | Entered Level 1 of the Lair of Beasts
  7786 | Lair:1   | Noticed Harold
  7805 | Lair:1   | Reached **** piety under Fedhas
  7810 | Lair:1   | Reached skill level 5 in Invocations
  7816 | Lair:1   | Killed a green ugly thing
  7817 | Lair:1   | Reached skill level 10 in Ranged Weapons
  7824 | Lair:1   | Gained mutation: When hurt, damage is shared between your
                  | health and your magic reserves. [demonic ancestry]
  7824 | Lair:1   | Reached XP level 11. HP: 33/80 MP: 14/16
  7845 | Lair:1   | Killed Harold
  8126 | Lair:1   | Slain by a red ugly thing

Illustrated notes

Levels and vault maps discovered:
D:1:      dpeg_arrival_arbitrary_a, layout_basic
D:2:      layout_basic
D:3:      layout_loops_cross
D:4:      layout_loops_ring, mainiacjoe_overflow_alcove_4,
          kennysheep_little_box, serial_bayou_lagoon_a, minmay_shop_damaged,
          minmay_checkerbox
D:5:      layout_loops_corners, grunt_temple_overflow_growth_and_decay,
          nicolae_elyvilon_peaceful_grove, lemuel_coloured_pillars_altar,
          uniq_eustachio
D:6:      layout_loops_cross, minmay_temple_entry_wispy
D:7:      layout_cave_pools, overflow_temple_1_default,
          nemelex_dance_club_becter, serial_shops, shop, uniq_menkaure
D:8:      minmay_bloctagon, layout_basic, mainiacjoe_overflow_boulevard,
          nzn_wu_jian_contemplation, hellmonk_lair_entry_icy, enter_bailey_2,
          uniq_pikel, uniq_psyche
Temple:   zaba_magenta_temple
Lair:1:   layout_gridlike, uniq_joseph, uniq_harold, uniq_nergalle

Skill      XL: |  1  2  3  4  5  6  7  8  9 10 11 |
---------------+----------------------------------+-----
Stealth        | 1 2 3 4 |  4.5
Ranged Weapons | 4 5 6 7 8 10 | 10.2
Dodging        | 2 3 4 |  4.3
Armour         | 1 2 3 4 |  4.0
Invocations    | 1 2 3 4 5 |  5.3
Hexes          | 1 2 3 4 |  4.0
Fighting       | 3 4 5 |  5.5
Shields        | 1 2 3 |  3.5
Spellcasting   | 1 2 3 |  3.5
Translocations | 1 2 3 |  3.5
Evocations     | 1 2 3 |  3.9

Action                     |  1- 3 |  4- 6 |  7- 9 | 10-12 || total
---------------------------+-------+-------+-------+-------++-------
  Melee: Sling             |       |       |       |     5 ||     5
         Headbutt          |       |       |       |     1 ||     1
   Fire: Shortbow          |    92 |    17 |       |       ||   109
         Sling             |       |    79 |   319 |   248 ||   646
  Evoke: Wand              |       |       |     5 |     2 ||     7
         Box of beasts     |       |       |       |     1 ||     1
    Use: Potion            |     4 |       |     1 |     7 ||    12
         Scroll            |       |       |     7 |       ||     7
 Armour: Leather armour    |    11 |    13 |    29 |       ||    53
         Robe              |       |       |    16 |    49 ||    65
  Dodge: Dodged            |    39 |    21 |    72 |    97 ||   229
  Block: Buckler           |       |     4 |    28 |    42 ||    74
